 Dungeon Crawl Stone Soup version 0.21.1-1-g345015f (webtiles) character file.

23 tidbits the Grave Robber (level 3, 25/25 HPs)
             Began as a Gnoll Necromancer on June 26, 2018.
             Quit the game on level 5 of the Dungeon.
             The game lasted 00:03:11 (370 turns).

tidbits the Grave Robber (Gnoll Necromancer)         Turns: 370, Time: 00:03:12

Health: 25/25      AC:  2    Str: 10    XL:     3   Next: 0%
Magic:  9/9        EV: 14    Int: 18    God:
Gold:   18         SH:  0    Dex: 15    Spells: 3/11 levels left

rFire    + . .     SeeInvis .   d - +0 dagger
rCold    . . .     Gourm    .   (no shield)
rNeg     . . .     Faith    .   a - +0 robe
rPois    .         Spirit   .   (no helmet)
rElec    .         Reflect  .   (no cloak)
rCorr    .         Harm     .   (no gloves)
MR       .....                  (no boots)
Stlth    +++.......             (no amulet)
HPRegen  0.08/turn              f - ring of protection from fire
MPRegen  0.11/turn              (no ring)

@: no status effects
A: distributed training, fangs 1, strong nose
a: no special abilities


You were on level 5 of the Dungeon.
You were not hungry.

You visited 1 branch of the dungeon, and saw 5 of its levels.

You collected 18 gold pieces.

Inventory:

Hand Weapons
 d - a +0 dagger (weapon)
Missiles
 l - 5 tomahawks (quivered)
Armour
 a - a +0 robe (worn)
 m - a +0 ring mail
Jewellery
 f - a ring of protection from fire (left hand)
   (You found it on level 1 of the Dungeon)
Scrolls
 e - a scroll of identify {unknown}
 g - a scroll of magic mapping {unknown}
 h - a scroll of blinking {unknown}
 i - 2 scrolls of enchant weapon {unknown}
 j - a scroll of noise {unknown}
 n - a scroll of fog {unknown}
Potions
 k - 2 potions of heal wounds {unknown}
Books
 b - a book of Necromancy

   Spells                             Type                      Level
   a - Pain                           Necromancy                   1
   b - Animate Skeleton               Necromancy                   1
   c - Vampiric Draining              Necromancy                   3
   d - Regeneration                   Charms/Necromancy            3
   e - Animate Dead                   Necromancy                   4
   f - Borgnjor's Vile Clutch         Necromancy/Earth             5
Comestibles
 c - a ration


   Skills:
 + Level 0.5 Fighting
 + Level 0.5 Short Blades
 + Level 0.5 Long Blades
 + Level 0.5 Axes
 + Level 0.5 Maces & Flails
 + Level 0.5 Polearms
 + Level 0.5 Staves
 + Level 0.5 Slings
 + Level 0.5 Bows
 + Level 0.5 Crossbows
 + Level 0.5 Throwing
 + Level 0.5 Armour
 + Level 4.5 Dodging
 + Level 4.1 Stealth
 + Level 0.5 Shields
 + Level 0.5 Unarmed Combat
 + Level 4.9 Spellcasting
 + Level 0.4 Conjurations
 + Level 0.4 Hexes
 + Level 0.4 Charms
 + Level 0.4 Summonings
 + Level 7.0 Necromancy
 + Level 0.4 Translocations
 + Level 0.4 Transmutations
 + Level 0.4 Fire Magic
 + Level 0.4 Ice Magic
 + Level 0.4 Air Magic
 + Level 0.4 Earth Magic
 + Level 0.4 Poison Magic
 + Level 0.7 Invocations
 + Level 0.5 Evocations


You had 3 spell levels left.
You knew the following spells:

 Your Spells              Type           Power        Failure   Level  Hunger
a - Pain                  Necr           ####         1%          1    None
d - Vampiric Draining     Necr           ####......   2%          3    ###....
n - Animate Skeleton      Necr           N/A          1%          1    None
r - Regeneration          Chrm/Necr      ###.......   9%          3    ###....


Dungeon Overview and Level Annotations

Branches:
Dungeon (5/15)
 Temple: D:4-7

Altars:


Innate Abilities, Weirdness & Mutations

Your experience applies equally to all skills.
You have very sharp teeth.
Your uncanny sense of smell can sniff out nearby items.


Message History

Confirm with . or Enter, or press ? or * to list all spells.
Aiming: Pain
Press: ? - help, Shift-Dir - straight line, f - orc
Aim: an orc (chance to defeat MR: 93%)
The orc writhes in agony!
The orc throws a tomahawk.
The tomahawk closely misses you.
Casting: Pain
Confirm with . or Enter, or press ? or * to list all spells.
Aiming: Pain
Press: ? - help, Shift-Dir - straight line, f/p - orc
Aim: an orc (heavily wounded, chance to defeat MR: 93%)
The orc writhes in agony!
You kill the orc!
Casting: Pain
Confirm with . or Enter, or press ? or * to list all spells.
Aiming: Pain
Press: ? - help, Shift-Dir - straight line, f - orc
Aim: an orc, wielding a club (chance to defeat MR: 93%)
The orc writhes in agony!
Casting: Pain
Confirm with . or Enter, or press ? or * to list all spells.
Aiming: Pain
Press: ? - help, Shift-Dir - straight line, f/p - orc
Aim: an orc, wielding a club (lightly wounded, chance to defeat MR: 93%)
The orc writhes in agony!
You kill the orc!
You have reached level 3!
Your experience leads to an increase in your attributes!
Increase (S)trength, (I)ntelligence, or (D)exterity?
You feel clever.
Memorise Animate Skeleton, consuming 1 spell level and leaving 9?
You start memorising the spell.
You continue memorising.
You finish memorising.
Spell assigned to 'n'.
Memorise Vampiric Draining, consuming 3 spell levels and leaving 6?
You start memorising the spell.
You continue memorising. x3
You finish memorising.
Spell assigned to 'd'.
Memorise Regeneration, consuming 3 spell levels and leaving 3?
You start memorising the spell.
You continue memorising. x3
You finish memorising.
Spell assigned to 'r'.
You see here a tomahawk.
l - a tomahawk You see here 2 tomahawks.
Casting: Pain
Confirm with . or Enter, or press ? or * to list all spells.
Your skin crawls.
Unknown command.
l - 3 tomahawks (gained 2)
Things that are here:
a hand axe; a ring mail; an orc corpse
m - a ring mail Your skin is crawling a little less now.
Things that are here:
a club; 2 tomahawks; an orc corpse
l - 5 tomahawks (gained 2)
Your skin stops crawling.
You open the door.
Found 6 gold pieces and a scroll labeled SIESUPN XOCWAC.
Found 5 poisoned needles.
There is an open door here.
Unknown command.
A giant cockroach comes into view.
The giant cockroach moves out of view.
You see here a scroll labeled SIESUPN XOCWAC.
n - a scroll labeled SIESUPN XOCWAC
Found a fuming inky potion.
You see here 5 poisoned needles.
Found a stone staircase leading down.
You see here a fuming inky potion.
k - 2 fuming inky potions (gained 1) HP restored.
Found a stone staircase leading up.
There is a stone staircase leading down here.
There is a stone staircase leading up here.
You climb upwards.
Found a spear.
There is a stone staircase leading down here.
Unknown command.
You climb downwards.
There is a stone staircase leading up here.
Unknown command.
There is a stone staircase leading down here.
You climb downwards.
There is a stone staircase leading up here.
Unknown command.
Found 2 gold pieces.
Found 15 gold pieces.
Found a stone staircase leading down.
Found a scroll labeled NACWIU BO GECREVIE.
There is a stone staircase leading down here.
You see here a scroll labeled NACWIU BO GECREVIE.
i - 2 scrolls labeled NACWIU BO GECREVIE (gained 1)
There is a stone staircase leading down here.
You climb downwards.
An ogre and a skeleton come into view.
Found 21 arrows, a club and 2 gold pieces.
There is a stone staircase leading up here.
Found a hunting sling.
Found a scroll labeled FUKEQA TOI.
A leopard gecko comes into view.
Are you sure you want to abandon this character and quit the game? (Confirm with "yes".)

(........##
....Z.....#
..........#
O.......#.#
.......<#Z####
........#....#
........#....#
........#....#
........#...@#
........#....+
#########...?#
#....# #....#
#....# #....#
#.l..#


You could see a leopard gecko (sleeping) and a quokka skeleton.

Vanquished Creatures
  A dart slug (D:1)
  A leopard gecko (D:1)
  3 orcs (D:3)
  A bat (D:2)
  A hobgoblin (D:2)
  3 jackals (D:1)
  A kobold (D:1)
  2 goblins (D:1)
  3 rats
16 creatures vanquished.

Notes
Turn   | Place    | Note
-------+----------+-------------------------------------------
     0 | D:1      | tidbits the Gnoll Necromancer began the quest for the Orb.
     0 | D:1      | Reached XP level 1. HP: 13/13 MP: 6/6
    20 | D:1      | Reached XP level 2. HP: 11/19 MP: 0/7
   237 | D:3      | Reached XP level 3. HP: 12/25 MP: 1/9
   240 | D:3      | Learned a level 1 spell: Animate Skeleton
   244 | D:3      | Learned a level 3 spell: Vampiric Draining
   248 | D:3      | Learned a level 3 spell: Regeneration
   361 | D:5      | Entered Level 5 of the Dungeon
   361 | D:5      | Noticed an ogre
   370 | D:5      | Quit the game

Action                   || total
-------------------------++-------
Melee: Dagger            ||     1
 Cast: Pain              ||    22
       Regeneration      ||     1
Armor: Robe              ||     2
Dodge: Dodged            ||     5

Table legend:
 A = Turns spent in this place as a percentage of turns spent in the entire game.
 B = Non-inter-level travel turns spent in this place as a percentage of non-inter-level travel turns spent in the entire game.
 C = Inter-level travel turns spent in this place as a percentage of turns spent in this place.
 D = Turns resting spent in this place as a percentage of non-inter-level travel turns spent in this place.
 E = Turns spent auto-exploring this place as a percentage of non-inter-level travel turns spent in this place.
 F = Non-inter-level travel turns spent in this place divided by the number of levels of this place that you've seen.
                   A       B       C       D       E      F
               +-------+-------+-------+-------+-------+----------------------
         Total | 100.0 | 100.0 |   4.9 |   0.0 |   0.0 |  70.4
       Dungeon | 100.0 | 100.0 |   4.9 |   0.0 |   0.0 |  70.4
               +-------+-------+-------+-------+-------+----------------------

Table legend:
 A = Kills in this place as a percentage of kills in entire the game.
 B = Kills by you in this place as a percentage of kills by you in the entire game.
 C = Kills by friends in this place as a percentage of kills by friends in the entire game.
 D = Other kills in this place as a percentage of other kills in the entire game.
 E = Experience gained in this place as a percentage of experience gained in the entire game.
 F = Experience gained in this place divided by the number of levels of this place that you have seen.
                   A       B       C       D       E      F
               +-------+-------+-------+-------+-------+----------------------
         Total | 100.0 | 100.0 |   N/A |   N/A | 100.0 |   6.8
       Dungeon | 100.0 | 100.0 |   N/A |   N/A | 100.0 |   6.8
               +-------+-------+-------+-------+-------+----------------------

Vault maps used:
D:1:      minmay_arrival_up_and_down
D:2:      kb_forest_paths, first_ration
D:3:      uniq_sigmund, uniq_natasha
D:4:      nicolae_dithmenos_shadow_blocks
D:5:      kennysheep_mini, nicolae_tso_swordbearing_angel
